 Dungeon Crawl Stone Soup version 0.22.1-2-g9c5b331 (webtiles) character file.

154 thomasnlv21 the Skirmisher (level 5, -7/47 HPs)
             Began as a Minotaur Berserker on Nov 19, 2018.
             Was a Believer of Trog.
             Killed from afar by Sigmund (8 damage)
             ... with a magic dart
             ... on level 3 of the Dungeon.
             The game lasted 00:06:47 (3166 turns).

thomasnlv21 the Skirmisher (Minotaur Berserker)     Turns: 3166, Time: 00:06:48

Health: -7/47      AC:  9    Str: 23    XL:     5   Next: 13%
Magic:  4/4        EV:  9    Int:  4    God:    Trog [**....]
Gold:   67         SH:  0    Dex:  9    Spells: 4/4 levels left

rFire    . . .     SeeInvis .   a - +1 hand axe
rCold    . . .     Gourm    .   (no shield)
rNeg     . . .     Faith    .   i - +0 chain mail
rPois    .         Spirit   .   (helmet restricted)
rElec    .         Reflect  .   (no cloak)
rCorr    .         Harm     .   (no gloves)
MR       .....                  (no boots)
Stlth    ..........             (no amulet)
HPRegen  0.15/turn              e - ring of wizardry
MPRegen  0.09/turn              (no ring)

@: berserk cooldown, slowed, very slow
A: retaliatory headbutt, horns 2
a: Berserk, Trog's Hand, Renounce Religion


You were on level 3 of the Dungeon.
You worshipped Trog.
Trog was pleased with you.
You were very hungry.

You visited 1 branch of the dungeon, and saw 3 of its levels.

You collected 67 gold pieces.

Inventory:

Hand Weapons
 a - a +1 hand axe (weapon)
Armour
 b - a +0 animal skin
 g - a +0 leather armour
 i - a +0 chain mail (worn)
Jewellery
 e - a ring of wizardry (left hand)
Scrolls
 j - a scroll of identify
Potions
 h - 2 potions of curing
Comestibles
 c - 8 rations
 d - 3 chunks of flesh


   Skills:
 + Level 4.7 Fighting
 + Level 4.7 Axes
 + Level 3.8 Armour
 + Level 3.4 Dodging


You had 4 spell levels left.
You didn't know any spells.
Your spell library was empty.

Dungeon Overview and Level Annotations

Branches:
Dungeon (3/15)

Altars:
Dithmenos
Elyvilon

Annotations:
D:3 Sigmund


Innate Abilities, Weirdness & Mutations

You reflexively headbutt those who attack you in melee.
You have a pair of horns on your head.


Message History

A puff of flame appears from out of thin air!
The puff of flame hits you!
* * * LOW HITPOINT WARNING * * *
You closely miss something. Something hits you but does no damage.
You hear some strange, mumbled words.
A puff of flame appears from out of thin air!
The puff of flame hits you! Something hits you but does no damage.
Something completely misses you.
You closely miss something. Your headbutt misses something.
You feel less confused. Something hits you.
* * * LOW HITPOINT WARNING * * *
Something hits you.
* * * LOW HITPOINT WARNING * * *
Something hits you but does no damage.
You miss something. Your headbutt misses something.
You hear some strange, mumbled words.
A magic dart appears from out of thin air!
The magic dart hits you!
You die...

#.. #.#
#.# #.#
#.# #.#
##.# #.#
#..# #.#
#..# #.#
#..# ###{#
#..######
#..@#
#........
#.###
##.#..#...
#.#
#..#)#.###
#.#
#.##.#.###
#.#
#.##.#....
#.#
#.##.#.###
#.#
#.##.#...#
#.#
#.##.###.#
#.#
#.##...)..


There were no monsters in sight!

Vanquished Creatures
  Terence (D:3)
  Robin (D:3)
  3 adders
  An ooze (D:2)
  2 worms
  3 dart slugs
  4 orcs (D:3)
  A giant cockroach (D:2)
  13 goblins
  12 hobgoblins
  10 jackals
  A quokka (D:2)
  A ball python (D:1)
  3 bats
  3 frilled lizards (D:2)
  10 kobolds
  A rat (D:1)
70 creatures vanquished.

Notes
Turn   | Place    | Note
-------+----------+-------------------------------------------
     0 | D:1      | thomasnlv21 the Minotaur Berserker began the quest for the
                  | Orb.
     0 | D:1      | Reached XP level 1. HP: 19/19 MP: 0/0
   456 | D:1      | Reached XP level 2. HP: 14/27 MP: 1/1
  1337 | D:2      | Reached XP level 3. HP: 27/33 MP: 2/2
  1581 | D:2      | Reached ** piety under Trog
  1910 | D:2      | Reached XP level 4. HP: 41/41 MP: 3/3
  2622 | D:3      | Noticed Robin
  2630 | D:3      | Found a shadowy altar of Dithmenos.
  2631 | D:3      | Killed Robin
  2809 | D:3      | Found a white marble altar of Elyvilon.
  3100 | D:3      | Noticed Terence
  3110 | D:3      | Killed Terence
  3110 | D:3      | Reached XP level 5. HP: 45/47 MP: 4/4
  3141 | D:3      | Noticed Sigmund
  3165 | D:3      | HP: 1/47 [something (6)]
  3166 | D:3      | Killed from afar by Sigmund

Skill      XL: |  1  2  3 |
---------------+----------+-----
Fighting       | 4 |  4.7
Axes           | 4 |  4.7
Armour         | 3 |  3.8
Dodging        | 3 |  3.4

Action                   |  1- 3 |  4- 6 || total
-------------------------+-------+-------++-------
Melee: Hand axe          |   114 |    64 ||   178
       Headbutt          |     9 |    16 ||    25
Invok: Berserk           |       |     2 ||     2
  Use: Potion            |     3 |     2 ||     5
       Scroll            |     3 |     2 ||     5
  Eat: Chunk             |     3 |     5 ||     8
Armor: Animal skin       |     3 |       ||     3
       Leather armour    |     9 |       ||     9
       Chain mail        |    17 |    41 ||    58
Dodge: Dodged            |    70 |    21 ||    91
